 Dungeon Crawl Stone Soup version 0.26.1-11-gd32895ea62 (webtiles) character file.

Game seed: 5277751974226754695

18633 Ijustatesigmund the Cleaver (level 12, 0/89 HPs)
             Began as an Octopode Fighter on June 30, 2021.
             Was a High Priest of Cheibriados.
             Slain by a boulder beetle (59 damage)
             ... on level 11 of the Dungeon.
             The game lasted 00:27:21 (13855 turns).

Ijustatesigmund the Cleaver (Octopode Fighter)     Turns: 13855, Time: 00:27:21

Health: 0/89       AC:  3    Str: 29    XL:     12   Next: 60%
Magic:  19/19      EV: 41    Int: 27    God:    Cheibriados [*****.]
Gold:   1504       SH: 11    Dex: 28    Spells: 11/11 levels left

rFire    + . .     SeeInvis +   a - +4 war axe
rCold    . . .     Faith    .   D - +3 warlock's mirror {reflect}
rNeg     . . .     Spirit   .   r - +2 hat
rPois    .         Reflect  +   j - amulet of the acrobat
rElec    .         Harm     .   h - ring of protection from fire
rCorr    .         Rampage  .   k - ring of see invisible
Will     .....                  G - +4 ring of evasion
Stlth    ++++......             (no ring)
HPRegen  0.24/turn              (no ring)
MPRegen  0.16/turn              (no ring)
                                (no ring)
                                (no ring)

@: acrobat, studying Necromancy, very slow
A: almost no armour, stealthy swim, amphibious, 8 rings, constrict 8, camouflage
1, gelatinous body 1
a: Renounce Religion, Bend Time, Temporal Distortion, Slouch, Step From Time


You were on level 11 of the Dungeon.
You worshipped Cheibriados.
Cheibriados was extremely pleased with you.
You visited 2 branches of the dungeon, and saw 12 of its levels.
You also visited: Ossuary.

You collected 1614 gold pieces.
You spent 110 gold pieces at shops.

Inventory:

Hand Weapons
 a - a +4 war axe (weapon)
 A - a cursed +2 morningstar of freezing
Missiles
 l - 3 atropa-tipped darts (quivered)
Armour
 b - a +2 kite shield
 r - a +2 hat (worn)
 D - the +3 warlock's mirror (worn) {reflect}
   (You acquired it in an ossuary)
Jewellery
 h - a ring of protection from fire (left tentacle)
 j - an amulet of the acrobat (around mantle)
 k - a ring of see invisible (right tentacle)
 G - a +4 ring of evasion (on tentacle)
Wands
 i - a wand of acid (7)
 m - a wand of flame (78)
 n - a wand of iceblast (23)
 q - a wand of paralysis (26)
 F - a wand of disintegration (8)
Scrolls
 s - 2 scrolls of blinking
 t - 2 scrolls of amnesia
 v - a scroll of immolation
 x - a scroll of magic mapping
 y - 4 scrolls of identify
 B - 2 scrolls of remove curse
 E - a scroll of enchant armour
Potions
 d - 2 potions of flight
 e - 2 potions of haste
 f - 4 potions of curing
 g - a potion of resistance
 o - a potion of lignification
 p - a potion of heal wounds
 w - a potion of magic
 z - 6 potions of cancellation
 C - a potion of brilliance
 H - a potion of mutation {unknown}
 I - a potion of ambrosia {unknown}
Books
 u - a manual of Necromancy
Miscellaneous
 c - a phial of floods


   Skills:
 + Level 10.6 Fighting
 + Level 10.7 Axes
 + Level 8.6 Dodging
 - Level 4.1 Stealth
 - Level 7.6 Shields
 + Level 9.5 Invocations
 - Level 3.1 Evocations


You had 11 spell levels left.
You didn't know any spells.
Your spell library contained the following spells:

 Spells                   Type           Power        Failure   Level
 Shock                    Conj/Air       0%           12%         1
 Swiftness                Air            0%           19%         2
 Confusing Touch          Hex            0%           34%         3
 Gell's Gravitas          Tloc           0%           34%         3
 Static Discharge         Conj/Air       0%           34%         3
 Airstrike                Air            0%           75%         4
 Petrify                  Tmut/Erth      0%           75%         4
 Lightning Bolt           Conj/Air       0%           97%         5
 Metabolic Englaciation   Hex/Ice        0%           97%         5
 Yara's Violent Unravell  Hex/Tmut       0%           97%         5


Dungeon Overview and Level Annotations

Branches:
Dungeon (11/15)            Temple (1/1) D:6            Lair (0/6) D:10
Ossuary (visited)
    Orc: D:9-12

Altars:
Ashenzari
Cheibriados
Dithmenos
Elyvilon
Fedhas
Gozag
Hepliaklqana
Kikubaaqudgha
Makhleb
Nemelex Xobeh
Okawaru
Qazlal
Ru
Sif Muna
Trog
Uskayaw
Vehumet
Wu Jian
Xom
Yredelemnul
Zin
The Shining One
Jiyva

Shops:
D:4 [   D:6 }

Portals:
Abyss: D:7

Annotations:
D:4 1 runed translucent door, Brecoman's ghost, novice GrEE
D:5 2 transporters
D:7 2 transporters, kalagan's ghost, novice DECj


Innate Abilities, Weirdness & Mutations

You cannot wear most types of armour.
You are very stealthy in the water. (Stealth+)
You are amphibious.
You can wear up to eight rings at the same time.
You can use your tentacles to constrict eight enemies at once.
Your skin changes colour to match your surroundings (Stealth+).
Your rubbery body absorbs attacks. (AC +1, EV +1)


Message History

The boulder beetle is severely wounded.
The boulder beetle completely misses you.
You hit the boulder beetle. You squeeze the boulder beetle.
The boulder beetle is almost dead.
The boulder beetle bites you!
You hit the boulder beetle.
You squeeze the boulder beetle, but do no damage.
The boulder beetle is almost dead.
The boulder beetle leaps!
You hit the boulder beetle.
The boulder beetle is almost dead.
You hit the boulder beetle but do no damage.
You squeeze the boulder beetle, but do no damage.
The boulder beetle is almost dead.
The boulder beetle leaps!
A boulder beetle is nearby!
The boulder beetle curls into a ball and begins rolling!
The boulder beetle hits you!!!
Ouch! That really hurt!
You die...

#.# . ... .#
.. #.# .# #.
#.# .# #. #>#
.# #. #.###.#
#.######.#...#
#[#
#B@.........#
#.#
#○######.#...#
#.# #.
.$.##†## #.#
#. ###.##.#
#.# #. ..##.#
#.# .<
####.####.###
. #.........
######.### #.#


You could see a boulder beetle.

Vanquished Creatures
  Gastronok (D:10)
  2 tengu reavers (D:10)
  Josephine (D:10)
  A yaktaur captain (D:10)
  A rakshasa (D:10)
  A boulder beetle (D:11)
  An ugly thing (D:11)
  2 manticores (D:11)
  A kobold demonologist (D:9)
  3 komodo dragons
  4 slime creatures (D:10)
  A wyvern (D:11)
  6 wraiths (D:10)
  Eustachio (D:3)
  Grum (D:10)
  A water moccasin (D:6)
  2 ice beasts
  3 sky beasts
  3 orc warriors
  3 black bears
  4 ogres
  3 phantoms
  4 wolves (D:10)
  8 centaurs
  4 bullfrogs
  2 gnoll sergeants
  A wyvern skeleton (D:9)
  10 scorpions
  8 killer bees
  16 wights
  4 howler monkeys
  3 centaur zombies
  A jelly (D:7)
  8 human zombies
  2 quasits
  3 hounds
  7 orc priests
  3 bullfrog skeletons
  2 centaur skeletons (D:5)
  A gnoll shaman (D:10)
  7 iguanas
  A human skeleton (D:9)
  13 worker ants
  9 orc wizards
  A big kobold zombie (Ossuary)
  2 hound zombies
  3 hound skeletons
  5 mummies
  13 gnolls
  10 adders
  4 scorpion zombies (Ossuary)
  2 shadow imps
  4 white imps
  An ufetubus (D:7)
  An adder skeleton (D:8)
  An adder zombie (D:10)
  2 worms (D:2)
  A dart slug (D:2)
  2 leopard geckos
  50 orcs
  5 giant cockroaches
  8 goblins
  17 hobgoblins
  6 jackals
  A kobold (D:2)
  A quokka (D:9)
  A ball python (D:2)
  8 bats
  9 frilled lizards
  A gnoll zombie (Ossuary)
  4 goblin zombies (Ossuary)
  3 hobgoblin zombies (Ossuary)
  A jackal skeleton (D:5)
  A kobold zombie (Ossuary)
  3 leopard gecko skeletons
  3 orc zombies
  A quokka skeleton (D:7)
  A quokka zombie (D:5)
  4 rats
343 creatures vanquished.

Vanquished Creatures (others)
  An orc wizard (D:7)
  26 plants (D:10)
  2 withered plants (D:4)
29 creatures vanquished.

Grand Total: 372 creatures vanquished

Notes
Turn   | Place    | Note
-------+----------+-------------------------------------------
     0 | D:1      | Ijustatesigmund the Octopode Fighter began the quest for
                  | the Orb.
     0 | D:1      | Reached XP level 1. HP: 16/16 MP: 1/1
   114 | D:1      | Reached XP level 2. HP: 21/21 MP: 2/2
   585 | D:1      | Reached XP level 3. HP: 25/26 MP: 3/3
  1414 | D:2      | Reached XP level 4. HP: 31/31 MP: 4/4
  1886 | D:3      | Found an ancient bone altar of Kikubaaqudgha.
  2090 | D:3      | Found a burning altar of Makhleb.
  2090 | D:3      | Noticed a blizzard demon
  2357 | D:3      | Noticed an ice beast
  2362 | D:3      | Killed an ice beast
  2363 | D:3      | Reached XP level 5. HP: 37/37 MP: 5/5
  2733 | D:3      | Found a shimmering blue altar of Sif Muna.
  2852 | D:4      | Noticed Eustachio
  2852 | D:4      | Noticed a centaur
  2863 | D:3      | Reached XP level 6. HP: 33/43 MP: 6/6
  2969 | D:3      | Killed Eustachio
  3280 | D:4      | Reached skill level 1 in Stealth
  3280 | D:4      | Reached XP level 7. HP: 30/49 MP: 7/7
  3413 | D:4      | Found a runed translucent door.
  3413 | D:4      | Noticed Brecoman's ghost (novice GrEE)
  3524 | D:4      | Reached skill level 5 in Axes
  3579 | D:4      | Found a shadowy altar of Dithmenos.
  3982 | D:4      | Reached skill level 5 in Fighting
  4312 | D:4      | Found Pyxyschu's Armour Boutique.
  4315 | D:4      | Bought a +1 hat for 110 gold pieces
  4362 | D:4      | You fall into a shaft and drop 3 floors!
  4370 | D:7      | Found a transporter.
  4371 | D:7      | Found a one-way gate to the infinite horrors of the Abyss.
  4371 | D:7      | Identified the +2 hand axe of Exhibitionism {distort,
                  | *Drain rElec Int+3}
  4371 | D:7      | Noticed kalagan's ghost (novice DECj)
  4372 | D:7      | Noticed a red ugly thing
  4418 | D:7      | Reached skill level 5 in Shields
  4418 | D:7      | Reached XP level 8. HP: 11/55 MP: 8/8
  4673 | D:5      | Entered Level 5 of the Dungeon
  4738 | D:6      | Found a broken altar of Ashenzari.
  4884 | D:5      | Reached skill level 1 in Evocations
  5132 | D:5      | Found a transporter.
  5210 | D:5      | Found an opulent altar of Gozag.
  5455 | D:5      | Found a transporter.
  5555 | D:6      | Found Woir's Gadget Boutique.
  5646 | D:6      | Found a glowing golden altar of the Shining One.
  5687 | D:6      | Found a shadowy altar of Dithmenos.
  5853 | D:6      | Found a staircase to the Ecumenical Temple.
  6242 | Temple   | Entered the Ecumenical Temple
  6257 | Temple   | Became a worshipper of Cheibriados the Contemplative
  6633 | D:7      | Reached XP level 9. HP: 56/62 MP: 9/9
  6715 | D:7      | Found a transporter.
  6770 | D:7      | Reached skill level 1 in Invocations
  6941 | D:7      | Found an ornate altar of the Wu Jian Council.
  6989 | D:7      | Reached * piety under Cheibriados
  7091 | D:7      | Found a white marble altar of Elyvilon.
  7611 | D:7      | Found a bloodstained altar of Trog.
  7611 | D:7      | Found a radiant altar of Vehumet.
  7618 | D:7      | Found a sacrificial altar of Ru.
  7620 | D:7      | Found a faded altar of an unknown god.
  7622 | D:7      | Found a hazy altar of Hepliaklqana.
  7677 | D:7      | Noticed a toenail golem
  8076 | D:8      | Reached ** piety under Cheibriados
  8091 | D:8      | Found a blossoming altar of Fedhas.
  8492 | D:8      | Reached *** piety under Cheibriados
  8505 | D:8      | Found a sand-covered staircase.
  8515 | Ossuary  | Entered an ossuary
  8799 | Ossuary  | Reached XP level 10. HP: 57/71 MP: 13/13
  8993 | Ossuary  | Reached **** piety under Cheibriados
  9143 | Ossuary  | Identified a scroll of acquirement
  9143 | Ossuary  | Acquired the +3 warlock's mirror {reflect}
  9144 | Ossuary  | Found the +3 warlock's mirror {reflect}
  9810 | D:9      | Reached skill level 5 in Invocations
 10014 | D:9      | Noticed a kobold demonologist
 10023 | D:9      | Killed a kobold demonologist
 10640 | D:9      | Reached skill level 5 in Dodging
 10640 | D:9      | Reached ***** piety under Cheibriados
 10960 | D:9      | Found a basalt altar of Yredelemnul.
 11090 | D:10     | Entered Level 10 of the Dungeon
 11090 | D:10     | Noticed Gastronok
 11101 | D:10     | Killed Gastronok
 11102 | D:10     | Reached XP level 11. HP: 78/78 MP: 14/16
 11103 | D:10     | Found a staircase to the Lair.
 11836 | D:10     | Noticed Grum
 11854 | D:10     | Killed Grum
 11892 | D:10     | Acquired 868 gold pieces
 11925 | D:10     | Found a runed translucent door.
 11925 | D:10     | Noticed a rakshasa
 11926 | D:10     | Noticed a tengu reaver
 11936 | D:10     | Killed a rakshasa
 12013 | D:10     | Killed a tengu reaver
 12262 | D:10     | Noticed a tengu reaver
 12262 | D:10     | Noticed a yaktaur captain
 12272 | D:10     | Killed a tengu reaver
 12273 | D:10     | Reached skill level 10 in Fighting
 12273 | D:10     | Reached skill level 10 in Axes
 12273 | D:10     | Reached XP level 12. HP: 51/87 MP: 12/18
 12276 | D:10     | Killed a yaktaur captain
 12918 | D:10     | Noticed Josephine
 12923 | D:10     | Killed Josephine
 13286 | D:11     | Noticed a boulder beetle
 13351 | D:11     | Killed a boulder beetle
 13829 | D:11     | Noticed a boulder beetle
 13855 | D:11     | Slain by a boulder beetle

Illustrated notes

Levels and vault maps discovered:
D:1:      dpeg_arrival_ternary, layout_loops_ring, serial_forest,
          infiniplex_forest_corner_2, infiniplex_forest_corner_1,
          infiniplex_forest_straight_3, infiniplex_forest_corner_1,
          infiniplex_forest_corner_1, infiniplex_forest_lined_room_,
          infiniplex_forest_lined_3_way, infiniplex_forest_pool,
          infiniplex_forest_clump_tiny
D:2:      layout_basic
D:3:      layout_loops_corners, makhleb_altar_promises_db, lemuel_doored_altar,
          led_sif_pool
D:4:      layout_rooms, general_overflow_altar, serial_shops, kennysheep_mini,
          gammafunk_ghost_grave, hangedman_decor_riveting, uniq_eustachio
D:5:      gammafunk_wand_slinger, layout_loops_ring, lemuel_round_altar
D:6:      layout_basic, tso_oasis_becter, overflow_temple_1_default,
          minmay_temple_entry_grid, serial_shops,
          nicolae_shop_competitors_out_of_business, amcnicky_altar_gilded
D:7:      layout_basic, elyvilon_altar_5, nzn_wu_jian_contemplation,
          chequers_temple_overflow_minitemple, gammafunk_ghost_abyssal_escape,
          minmay_manual_monolith
D:8:      layout_rooms, nicolae_ossuary_entry_monument, enter_bailey_8,
          minmay_ruined_shrine
D:9:      layout_loops_corners, lemuel_mausoleum_altar_yredelemnul
D:10:     layout_long_grid, david_lair_shrubbed, minivault_13, uniq_grum,
          uniq_josephine, uniq_gastronok
D:11:     layout_loops_ring, special_room [special_room_orc]
Temple:   pf_slime_end_temple

Skill      XL: |  1  2  3  4  5  6  7  8  9 10 11 12 |
---------------+-------------------------------------+-----
Axes           | 3 4 5 6 7 9 10 | 10.7
Fighting       | 4 5 6 7 8 10 | 10.6
Dodging        | 4 6 7 8 |  8.6
Shields        | 4 5 6 7 |  7.6
Stealth        | 1 4 |  4.1
Evocations     | 3 |  3.1
Invocations    | 4 6 8 9 |  9.5

Action                   |  1- 3 |  4- 6 |  7- 9 | 10-12 || total
-------------------------+-------+-------+-------+-------++-------
Melee: War axe           |    62 |    65 |   290 |   401 ||   818
       Constrict         |    18 |    12 |    68 |    81 ||   179
       Tentacles         |    17 |     8 |    62 |   181 ||   268
Throw: Dart              |       |     5 |     2 |     1 ||     8
Invok: Slouch            |       |       |       |     1 ||     1
Evoke: Wand              |       |       |    19 |     5 ||    24
  Use: Scroll            |     3 |     5 |    15 |    10 ||    33
       Potion            |       |       |     4 |     4 ||     8
 Stab: Sleeping          |     5 |     4 |    14 |    19 ||    42
       Paralysed         |       |       |     3 |     2 ||     5
       Distracted        |       |       |       |     2 ||     2
Armor: Skin              |     2 |     3 |    23 |    13 ||    41
Dodge: Dodged            |    21 |    54 |   119 |   219 ||   413
Block: Kite shield       |    19 |    46 |   142 |    23 ||   230
       Buckler           |       |       |       |   161 ||   161
       Reflection        |       |       |       |    16 ||    16
